 Dungeon Crawl Stone Soup version 0.29.0-11-gd7f09526c8 (webtiles) character file.

Game seed: 6450897929852152820

906 Ordine the Cudgeller (level 8, -1/51 HPs)
             Began as a Gargoyle Fighter on Sept 4, 2022.
             Was a Follower of Okawaru.
             Slain by an ice beast (10 damage)
             ... on level 5 of the Dungeon.
             The game lasted 00:09:14 (5161 turns).

Ordine the Cudgeller (Gargoyle Fighter)             Turns: 5161, Time: 00:09:14

Health: -1/51      AC: 13    Str: 27    XL:     8   Next: 8%
Magic:  8/8        EV:  9    Int: 10    God:    Okawaru [*.....]
Gold:   64         SH:  5    Dex:  9    Spells: 7/7 levels left

rFire   . . .      SeeInvis .   a - +0 flail
rCold   . . .      Faith    .   c - +0 buckler
rNeg    + . .      Spirit   .   b - +0 scale mail
rPois   ∞          Reflect  .   m - +0 helmet
rElec   +          Harm     .   (no cloak)
rCorr   .          Rampage  .   (no gloves)
Will    +....                   (no boots)
Stlth   ..........              (no amulet)
HPRegen 0.17/turn               j - ring of willpower
MPRegen 0.11/turn               y - +6 ring of strength

@: no status effects
A: sickness immunity, AC +5, negative energy resistance 1, electricity
resistance, torment resistance 1, petrification resistance
a: Renounce Religion, Heroism


You were on level 5 of the Dungeon.
You worshipped Okawaru.
Okawaru was aware of your devotion.
You visited 1 branch of the dungeon, and saw 5 of its levels.

You collected 220 gold pieces.
You spent 156 gold pieces at shops.

Inventory:

Hand Weapons
 a - a +0 flail (weapon)
Missiles
 s - 9 poisoned darts (quivered)
Armour
 b - a +0 scale mail (worn)
 c - a +0 buckler (worn)
 m - a +0 helmet (worn)
Jewellery
 j - a ring of willpower (left hand)
 l - a ring of fire
 u - a ring of see invisible
 y - a +6 ring of strength (right hand)
Wands
 v - a wand of digging (6)
 B - a wand of flame (16)
Scrolls
 e - a scroll of amnesia {unknown}
 f - a scroll of noise {unknown}
 h - 4 scrolls of enchant weapon {unknown}
 i - 2 scrolls of fear {unknown}
 n - 6 scrolls of teleportation {unknown}
 o - a scroll of fog {unknown}
 p - 4 scrolls of identify {unknown}
 r - 2 scrolls of enchant armour {unknown}
 t - a scroll of magic mapping {unknown}
 w - a scroll of vulnerability {unknown}
Potions
 d - 2 potions of might
 g - 2 potions of brilliance {unknown}
 k - a potion of attraction {unknown}
 q - 2 potions of curing
 x - 2 potions of flight
 z - a potion of heal wounds
 A - a potion of lignification


   Skills:
 + Level 5.6 Fighting
 * Level 6.3 Maces & Flails
 + Level 2.1 Throwing
 - Level 3.2 Armour
 + Level 5.6 Shields
 + Level 0.1 Invocations


You had 7 spell levels left.
You didn't know any spells.
Your spell library contained the following spells:

 Spells                   Type           Power      Damage    Failure   Level
 Ensorcelled Hibernation  Hex/Ice        0%         N/A       85%         2
 Gell's Gravitas          Tloc           0%         N/A       97%         3
 Ozocubu's Armour         Ice            0%         N/A       97%         3
 Spider Form              Tmut/Pois      0%         N/A       97%         3
 Teleport Other           Tloc           0%         N/A       97%         3
 Anguish                  Hex/Necr       0%         N/A       100%        4
 Metabolic Englaciation   Hex/Ice        0%         N/A       100%        5
 Dispersal                Tloc           0%         N/A       100%        6
 Summon Small Mammal      Summ           Unusable   N/A       N/A         1
 Call Canine Familiar     Summ           Unusable   N/A       N/A         3
 Summon Guardian Golem    Hex/Summ       Unusable   N/A       N/A         3
 Simulacrum               Ice/Necr       Unusable   N/A       N/A         6

Dungeon Overview and Level Annotations

Branches:
Dungeon (5/15)             Temple (0/1) D:5

Altars:
Okawaru
Wu Jian

Shops:
D:5 !

Annotations:
D:5 1 runed translucent door, onwiheg's ghost, novice VSBe


Innate Abilities, Weirdness & Mutations

You are immune to sickness and miasma.
Your stone body is resilient. (AC +5)
You are immune to poison.
You resist negative energy. (rN+)
You are resistant to electric shocks. (rElec)
You are resistant to unholy torment.
You are immune to petrification.


Message History

You hit the ice beast.
The ice beast is lightly wounded.
You block the ice beast's attack.
You sock the ice beast!
The ice beast is severely wounded.
The ice beast misses you.
You barely miss the ice beast.
The ice beast is heavily wounded.
The ice beast closely misses you.
You completely miss the ice beast.
The ice beast is heavily wounded.
The ice beast hits you. The ice beast freezes you!
You are too injured to fight recklessly!
You are too injured to fight recklessly!
You are too injured to fight recklessly!
You hit the ice beast but do no damage.
The ice beast is heavily wounded.
The ice beast hits you but does no damage.
You hit the ice beast.
The ice beast is severely wounded.
The ice beast hits you but does no damage.
You sock the ice beast!
The ice beast is almost dead.
The ice beast hits you but does no damage. x2
You hit the ice beast but do no damage.
The ice beast is almost dead.
The ice beast hits you but does no damage.
You closely miss the ice beast.
The ice beast is almost dead.
The ice beast hits you. The ice beast freezes you!
* * * LOW HITPOINT WARNING * * *
You barely miss the ice beast.
The ice beast is almost dead.
The ice beast hits you but does no damage.
You barely miss the ice beast.
The ice beast is almost dead.
The ice beast hits you.
* * * LOW HITPOINT WARNING * * *
The ice beast freezes you!
You die...

### #.. #.#
############.#
#########.....##......
#.........###.........
....#.@..###
####...... # #.Y.##
#...... ..#...#.
##..... ...#...#.#
#..).. #..#.#..#.#
#..)). .#..#.#..# !
###..... ##..#.#..# #
#....... . #.##..
#....... #.......


You could see an ice beast.

Vanquished Creatures
  Pikel (D:5)
  2 phantoms
  A hound (D:4)
  5 iguanas
  An orc wizard (D:4)
  4 adders
  A worm (D:3)
  3 dart slugs
  8 orcs
  6 ball pythons
  3 endoplasms
  4 giant cockroaches
  6 hobgoblins
  12 jackals
  7 kobolds
  4 quokkas
  5 bats
  3 frilled lizards
  12 goblins
  7 rats
95 creatures vanquished.

Vanquished Creatures (others)
  7 plants (D:3)
7 creatures vanquished.

Grand Total: 102 creatures vanquished

Notes
Turn   | Place    | Note
-------+----------+-------------------------------------------
     0 | D:1      | Ordine the Gargoyle Fighter began the quest for the Orb.
     0 | D:1      | Reached XP level 1. HP: 14/14 MP: 1/1
   179 | D:1      | Reached XP level 2. HP: 18/19 MP: 2/2
   437 | D:1      | Found a faded altar of an unknown god.
   967 | D:2      | Reached XP level 3. HP: 23/23 MP: 3/3
  1346 | D:2      | Reached skill level 3 in Maces & Flails
  1502 | D:3      | Reached XP level 4. HP: 29/29 MP: 4/4
  1937 | D:3      | Found an ornate altar of the Wu Jian Council.
  2432 | D:4      | Reached XP level 5. HP: 17/33 MP: 5/5
  2592 | D:4      | Reached skill level 4 in Maces & Flails
  3354 | D:4      | Reached XP level 6. HP: 34/39 MP: 6/6
  3477 | D:4      | Found an iron altar of Okawaru.
  3530 | D:4      | Became a worshipper of Warmaster Okawaru
  3578 | D:5      | Entered Level 5 of the Dungeon
  3580 | D:5      | Noticed Pikel
  3932 | D:4      | Reached skill level 5 in Maces & Flails
  4447 | D:5      | Found a staircase to the Ecumenical Temple.
  4450 | D:5      | Reached skill level 5 in Shields
  4450 | D:5      | Reached XP level 7. HP: 29/44 MP: 7/7
  4462 | D:5      | Killed Pikel
  4462 | D:5      | Reached * piety under Okawaru
  4463 | D:5      | Reached skill level 5 in Fighting
  4463 | D:5      | Reached skill level 6 in Maces & Flails
  4463 | D:5      | Reached XP level 8. HP: 12/50 MP: 8/8
  4730 | D:5      | Found Juacutuete's Distillery.
  4838 | D:5      | Bought a potion of degeneration for 13 gold pieces
  4843 | D:5      | Bought a potion of heal wounds for 65 gold pieces
  4843 | D:5      | Bought a potion of flight for 39 gold pieces
  4843 | D:5      | Bought a potion of lignification for 39 gold pieces
  5091 | D:5      | Found a runed translucent door.
  5092 | D:5      | Noticed a yak
  5092 | D:5      | Noticed onwiheg's ghost (novice VSBe)
  5161 | D:5      | Slain by an ice beast

Illustrated notes

Levels and vault maps discovered:
D:1:      amcnicky_arrival_abandoned_market, layout_basic,
          hellmonk_ecumenical_altar_run_dry
D:2:      layout_basic, minmay_curled_crystal
D:3:      layout_basic, general_overflow_altar, guppyfry_early_lair_pool
D:4:      layout_rooms, mainiacjoe_overflow_catwalk, nicolae_underground_beach
D:5:      layout_rooms, minmay_temple_entry_statues_fountains,
          ebering_ghost_inner_flame, serial_shops, nicolae_diamond_shop,
          minmay_puff, uniq_pikel

Skill      XL: |  1  2  3  4  5  6  7 |
---------------+----------------------+-----
Maces & Flails | 3 4 5 6 |  6.3
Fighting       | 4 5 |  5.6
Shields        | 4 5 |  5.6
Throwing       | 2 |  2.1
Armour         | |  3.2
Invocations    | |  0.1

Action                   |  1- 3 |  4- 6 |  7- 9 || total
-------------------------+-------+-------+-------++-------
Melee: Flail             |   119 |   253 |    39 ||   411
  Use: Potion            |       |     2 |     1 ||     3
Armor: Scale mail        |    76 |   158 |    16 ||   250
Dodge: Dodged            |    57 |   117 |    15 ||   189
Block: Buckler           |    32 |    56 |     7 ||    95
